 Dungeon Crawl Stone Soup version 0.31-a0-38-g1548c4f2a5 (webtiles) character file.

Game seed: 7098102885515585734

5053 pk666 the Thaumaturge (level 10, -2/50 HPs)
             Began as a Deep Elf Fire Elementalist on May 17, 2023.
             Was a Believer of Vehumet.
             Killed by the air
             ... invoked by Gastronok
              (36 damage)
             ... on level 8 of the Dungeon.
             The game lasted 00:21:11 (9460 turns).

pk666 the Thaumaturge (Deep Elf Fire Elementalist)  Turns: 9460, Time: 00:21:24

Health: -2/50      AC:  3    Str:  7    XL:     10   Next: 31%
Magic:  31/35      EV: 17    Int: 25    God:    Vehumet [**....]
Gold:   424        SH:  0    Dex: 15    Spells: 16/29 levels left

rFire   + + +        d - staff of fire
rCold   + . .        (no shield)
rNeg    . . .        y - +0 robe "Fimniuh" {rC+ Str+2 Stlth+}
rPois   .            (no helmet)
rElec   .            x - scarf {rC+ rF+}
rCorr   .            n - +0 pair of gloves
SInv    .            (no boots)
Will    +....        (no amulet)
Stlth   +++          w - ring of magical power
HPRegen 0.28/turn    a - ring of fire
MPRegen 0.24/turn

%: no passive effects
@: no status effects
A: no striking features
a: Renounce Religion


You were on level 8 of the Dungeon.
You worshipped Vehumet.
Vehumet was pleased with you.
You visited 2 branches of the dungeon, and saw 9 of its levels.
You also visited: Sewer.

You collected 424 gold pieces.

Inventory:

Missiles
 A - a throwing net
Armour
 n - a +0 pair of gloves (worn)
 x - a scarf of resistance (worn)
 y - the +0 robe "Fimniuh" (worn) {rC+ Str+2 Stlth+}
   (You found it on level 6 of the Dungeon)

   Str:       It affects your strength (+2).
   rC:        It protects you from cold.
   Stlth:     It makes you more stealthy.
Magical Staves
 d - a staff of fire (weapon)
Jewellery
 a - a ring of fire (right hand)
 w - a ring of magical power (left hand)
 B - a ring of protection from cold
 C - a ring of willpower
Wands
 l - a wand of polymorph (6)
 r - a wand of roots (10)
 D - a wand of charming (7)
Scrolls
 e - a scroll of fear {unknown}
 f - 2 scrolls of enchant armour {unknown}
 h - 2 scrolls of butterflies
 i - a scroll of fog {unknown}
 j - 4 scrolls of identify
 k - 8 scrolls of teleportation
 m - 3 scrolls of magic mapping
 o - 2 scrolls of blinking
 p - a scroll of immolation {unknown}
 u - a scroll of enchant weapon {unknown}
 v - 4 scrolls of poison {unknown}
 z - a scroll of vulnerability {unknown}
Potions
 b - 2 potions of magic
 c - a potion of brilliance
 g - 3 potions of lignification
 s - 2 potions of curing
 t - a potion of flight


   Skills:
 + Level 9.5 Dodging
 - Level 2.4 Stealth
 + Level 10.4 Spellcasting
 + Level 8.4 Conjurations
 + Level 9.0 Fire Magic


You had 16 spell levels left.
You knew the following spells:

 Your Spells              Type           Power      Damage    Failure   Level
a - Foxfire               Conj/Fire      100%       2x1d9     1%          1
b - Scorch                Fire           100%       2d9       1%          2
c - Flame Wave            Conj/Fire      91%        2d19      1%          4
d - Starburst             Conj/Fire      45%        6d13      21%         6

Your spell library contained the following spells:

 Spells                   Type           Power      Damage    Failure   Level
 Sandblast                Erth           26%        2d8       4%          1
 Dazzling Flash           Conj/Hex       68%        N/A       2%          3
 Inner Flame              Hex/Fire       69%        N/A       2%          3
 Volatile Blastmotes      Fire/Tloc      100%       2d18      2%          3
 Apportation              Tloc           26%        N/A       4%          1
 Necrotise                Necr           52%        1d6       4%          1
 Summon Small Mammal      Summ           52%        N/A       4%          1
 Fulminant Prism          Conj/Hex       17%        3d10      9%          4
 Iskenderun's Mystic Bla  Conj/Tloc      34%        2d8       9%          4
 Lee's Rapid Deconstruct  Erth           6%         3d6*      78%         5


Dungeon Overview and Level Annotations

Branches:
Dungeon (8/15)             Temple (1/1) D:6           Sewer (visited)
   Lair: D:8-11

Altars:
Ashenzari
Cheibriados
Dithmenos
Elyvilon
Gozag
Hepliaklqana
Kikubaaqudgha
Makhleb
Nemelex Xobeh
Okawaru
Qazlal
Ru
Sif Muna
Trog
Uskayaw
Vehumet
Wu Jian
Xom
Yredelemnul
Zin
The Shining One

Shops:
D:2 :   D:8 :

Portals:
Abyss: D:7

Annotations:
D:4 2 transporters
D:7 2 transporters, PostNTower's ghost, novice OpTm
D:8 Gastronok


Message History

The quokka's corpse disappears in a puff of smoke!
Casting: Foxfire (safe; 1% risk of failure)
Confirm with . or Enter, or press ? or * to list all spells.
You feel a strong surge of power!
You conjure some foxfire!
The foxfire hits the bat.
You kill the bat!
The bat's corpse disappears in a puff of smoke!
The foxfire hits Gastronok.
Gastronok is lightly wounded.
Casting: Foxfire (safe; 1% risk of failure)
Confirm with . or Enter, or press ? or * to list all spells.
You feel a strong surge of power!
You conjure some foxfire!
The foxfire hits the bat.
The bat is heavily wounded.
The bat misses you.
The foxfire hits the bat.
The bat is severely wounded.
The bat barely misses you.
Casting: Foxfire (safe; 1% risk of failure)
Confirm with . or Enter, or press ? or * to list all spells.
You feel a strong surge of power!
You conjure some foxfire!
Gastronok is no longer moving quickly.
The bat hits you but does no damage.
The foxfire hits the bat.
You kill the bat!
The bat's corpse disappears in a puff of smoke!
Casting: Foxfire (safe; 1% risk of failure)
Confirm with . or Enter, or press ? or * to list all spells.
You feel a strong surge of power!
You conjure some foxfire!
Your foxfire dissipates!
The foxfire hits Gastronok but does no damage.
Gastronok is lightly wounded.
The foxfire hits Gastronok.
Gastronok is lightly wounded.
You feel a strong surge of power!
Flames lash Gastronok.
Gastronok is moderately wounded.
Gastronok's fire resistance burns away.
Gastronok waves his eye-stalks in wide circles.
The air twists around and strikes you!!!
Ouch! That really hurt!
You die...

..............##...#
.................###
..........###....#
.........## ..(.#
.........####>.###
.##.......∩.####
#....w.....#
...##...#..#.#
.......@##...#
.#..#.#..##..#
####...## ### #.....
##...# ##..# ####


You could see Gastronok (combustible).

Vanquished Creatures
  A boulder beetle (D:7)
  Pikel (D:4)
  A komodo dragon (D:8)
  Maggie (D:8)
  Prince Ribbit (D:7)
  Grum (D:8)
  A steam dragon (D:8)
  Eustachio (D:5)
  2 orc warriors
  An ice beast (D:7)
  3 black bears
  An ogre (D:6)
  2 wolves (D:8)
  A phantom (D:5)
  A lemure (D:4)
  3 kobold brigands (Sewer)
  2 bullfrogs
  3 scorpions
  5 killer bees (D:8)
  4 howler monkeys
  3 orc priests
  A quasit (D:7)
  2 jellies (D:6)
  A gnoll bouda (D:7)
  7 hounds
  A sleepcap (D:6)
  Jessica (D:2)
  4 iguanas
  8 orc wizards
  7 gnolls
  10 adders
  4 river rats
  3 shadow imps
  4 white imps
  5 ufetubi
  2 worms
  2 dart slugs (D:5)
  17 orcs
  10 ball pythons
  2 bats
  6 endoplasms
  4 giant cockroaches
  9 goblins
  5 hobgoblins
  3 jackals (D:1)
  5 frilled lizards
  15 kobolds
  3 rats
180 creatures vanquished.

Vanquished Creatures (collateral kills)
  11 foxfires
11 creatures vanquished.

Vanquished Creatures (others)
  358 foxfires
358 creatures vanquished.

Grand Total: 549 creatures vanquished

Notes
Turn   | Place    | Note
-------+----------+-------------------------------------------
     0 | D:1      | pk666 the Deep Elf Fire Elementalist began the quest for
                  | the Orb.
     0 | D:1      | Reached XP level 1. HP: 10/10 MP: 6/6
   169 | D:1      | Reached XP level 2. HP: 15/15 MP: 5/8
   182 | D:1      | Learned a level 2 spell: Scorch
   752 | D:2      | Reached XP level 3. HP: 19/19 MP: 7/10
   858 | D:2      | Found Furruix's Book Shoppe.
   858 | D:2      | Noticed Jessica
   862 | D:2      | Killed Jessica
   978 | D:2      | Reached XP level 4. HP: 24/24 MP: 6/11
  1034 | D:2      | Reached skill level 4 in Spellcasting
  1342 | D:2      | Found a basalt altar of Yredelemnul.
  1780 | D:3      | Learned a level 4 spell: Flame Wave
  1826 | D:3      | Found a shimmering blue altar of Sif Muna.
  1839 | D:3      | Reached XP level 5. HP: 19/28 MP: 7/13
  2398 | D:3      | Found a glowing drain.
  2406 | Sewer    | Entered a sewer
  2552 | Sewer    | Reached skill level 5 in Spellcasting
  2552 | Sewer    | Reached XP level 6. HP: 32/32 MP: 11/15
  2827 | Sewer    | Reached skill level 5 in Fire Magic
  3148 | Sewer    | Reached skill level 5 in Dodging
  3681 | D:4      | Reached XP level 7. HP: 36/36 MP: 13/17
  3887 | D:4      | Found a transporter.
  3889 | D:4      | Found a broken altar of Ashenzari.
  3891 | D:4      | Noticed a hornet
  3894 | D:4      | Found a transporter.
  5028 | D:5      | Entered Level 5 of the Dungeon
  5050 | D:5      | Noticed Pikel
  5148 | D:4      | Killed Pikel
  5149 | D:4      | Reached skill level 6 in Spellcasting
  5149 | D:4      | Reached skill level 5 in Conjurations
  5149 | D:4      | Reached XP level 8. HP: 13/41 MP: 11/20
  5390 | D:5      | Reached skill level 7 in Spellcasting
  5942 | D:5      | Noticed Eustachio
  5946 | D:5      | Killed Eustachio
  6504 | D:6      | Found a hide-covered altar of Uskayaw.
  6590 | D:6      | Identified the +3 leather armour "Romiseb" {rPois}
  6605 | D:6      | Reached skill level 8 in Spellcasting
  6672 | D:6      | Identified the +0 robe "Fimniuh" {rC+ Str+2 Stlth+}
  6805 | D:6      | Found a staircase to the Ecumenical Temple.
  6818 | Temple   | Entered the Ecumenical Temple
  6823 | Temple   | Became a worshipper of Vehumet
  6978 | D:6      | Found a glowing golden altar of the Shining One.
  6995 | D:6      | Identified the +1 robe of Inaction {MP+9 Str-4 Slay+4}
  7306 | D:7      | Found a one-way gate to the infinite horrors of the Abyss.
  7306 | D:7      | Noticed PostNTower's ghost (novice OpTm)
  7307 | D:7      | Found a transporter.
  7323 | D:7      | Reached XP level 9. HP: 45/45 MP: 23/23
  7765 | D:7      | Reached * piety under Vehumet
  7765 | D:7      | Offered knowledge of Shock by Vehumet.
  7883 | D:7      | Noticed Prince Ribbit
  7890 | D:7      | Killed Prince Ribbit
  7944 | D:7      | Learned a level 6 spell: Starburst
  8154 | D:7      | Noticed a boulder beetle
  8169 | D:7      | Killed a boulder beetle
  8170 | D:7      | Reached skill level 9 in Spellcasting
  8370 | D:7      | Found a transporter.
  8412 | D:7      | Noticed an ancient zyme
  8431 | D:7      | Noticed a red ugly thing
  8709 | D:7      | Identified the +0 robe of Hiryhiot {Harm +Blink}
  8994 | D:8      | Noticed Maggie
  8995 | D:8      | Noticed Grum
  9002 | D:8      | Reached XP level 10. HP: 44/50 MP: 18/25
  9003 | D:8      | Reached skill level 10 in Spellcasting
  9003 | D:8      | Killed Grum
  9176 | D:8      | Killed Maggie
  9188 | D:8      | Offered knowledge of Sandblast by Vehumet.
  9202 | D:8      | Reached ** piety under Vehumet
  9402 | D:8      | Noticed Gastronok
  9430 | D:8      | Found Umeant's Book Boutique.
  9460 | D:8      | Killed from afar by Gastronok

Illustrated notes

Levels and vault maps discovered:
D:1:      lightli_arrival_statue_moat, layout_rooms
D:2:      layout_basic, serial_shops, shop, basic_altar, dk_noncrumbling_3,
          minmay_fractal_squares_5, uniq_jessica
D:3:      layout_loops_ring, led_sif_book, cheibrodos_sewer_entry_sluice
D:4:      layout_basic, gammafunk_temple_overflow_arena,
          chequers_serial_rivers_micro_d
D:5:      layout_gridville, st_stairs_6, uniq_pikel, uniq_eustachio
D:6:      layout_loops_ring, mainiacjoe_overflow_surrounded_room,
          nicolae_tso_carved_into_rock, minmay_temple_entry_purple_smoke
D:7:      layout_layer_cave, gammafunk_ghost_abyssal_escape, serial_demonic,
          serial_demonic_e, serial_demonic_d, serial_demonic_c,
          serial_demonic_e, uniq_prince_ribbit1
D:8:      layout_cave_pools, mainiacjoe_overflow_alcove_2, enter_bailey_3,
          serial_shops, shop, uniq_maggie, uniq_gastronok, uniq_grum
Temple:   sentei_temple_godly_chess

Skill      XL: |  1  2  3  4  5  6  7  8  9 10 |
---------------+-------------------------------+-----
Dodging        | 3 4 5 6 7 9 |  9.5
Conjurations   | 2 3 4 5 6 8 |  8.4
Spellcasting   | 4 5 6 8 9 10 | 10.4
Fire Magic     | 4 5 6 7 8 9 |  9.0
Stealth        | |  2.4

Action                     |  1- 3 |  4- 6 |  7- 9 | 10-12 || total
---------------------------+-------+-------+-------+-------++-------
   Cast: Foxfire           |    36 |    74 |    99 |    23 ||   232
         Scorch            |     7 |    33 |    82 |    12 ||   134
         Flame Wave        |       |       |     8 |     5 ||    13
    Use: Potion            |       |       |     3 |     1 ||     4
         Scroll            |       |       |     9 |       ||     9
 Armour: Robe              |     4 |     2 |    12 |     1 ||    19
         Skin              |       |       |     2 |       ||     2
  Dodge: Dodged            |    13 |     7 |    39 |     5 ||    64

Table legend: (Time is in decaauts)
 A = Elapsed time spent in this place.
 B = Non-inter-level travel time spent in this place.
 C = Inter-level travel time spent in this place.
 D = Time resting spent in this place.
 E = Time spent auto-exploring this place.
 F = Levels seen in this place.
 G = Mean time per level.
                   A        B        C        D        E       F      G
               +--------+--------+--------+--------+--------+-----+--------+
         Total |   9572 |   9108 |    464 |   1410 |   6499 |  10 |  957.2 |
       Dungeon |   8569 |   8110 |    459 |   1191 |   5840 |   8 | 1071.1 |
        Temple |     21 |     16 |      5 |      0 |     10 |   1 |   21.0 |
         Sewer |    981 |    981 |      0 |    219 |    648 |   1 |  981.0 |
               +--------+--------+--------+--------+--------+-----+--------+

Top non-repeatable levels by time:
     D:7: 1915 daAuts
     D:4: 1643 daAuts
     D:6: 1035 daAuts
     D:2: 1025 daAuts
     D:3: 1024 daAuts
   Sewer: 981 daAuts
     D:5: 964 daAuts
     D:1: 716 daAuts
     D:8: 244 daAuts
  Temple: 21 daAuts
